 Dungeon Crawl Stone Soup version 0.28.0-43-g3370ac3207 (webtiles) character file.

Game seed: 59029407822120353

387 croobank the Sneak (level 6, 0/37 HPs)
             Began as an Octopode Fire Elementalist on Mar 22, 2022.
             Succumbed to an adder's poison
             ... on level 3 of the Dungeon.
             The game lasted 00:09:38 (3724 turns).

croobank the Sneak (Octopode Fire Elementalist)     Turns: 3724, Time: 00:09:39

Health: 0/37       AC:  1    Str: 11    XL:     6   Next: 78%
Magic:  8/10       EV: 14    Int: 23    God:
Gold:   129        SH:  0    Dex: 12    Spells: 4/11 levels left

rFire   . . .      SeeInvis .   a - +6 battleaxe of the Thirsty Seas {vorpal, rC+ Str+4 Int+3 Stlth+}
rCold   + . .      Faith    .   (shield currently unavailable)
rNeg    . . .      Spirit   .   (helmet restricted)
rPois   .          Reflect  .   (no amulet)
rElec   .          Harm     .   m - ring of willpower
rCorr   .          Rampage  .   (no ring)
Will    +....                   (no ring)
Stlth   +++++.....              (no ring)
HPRegen 0.12/turn               (no ring)
MPRegen 0.12/turn               (no ring)
                                (no ring)
                                (no ring)

@: lethally poisoned (0 -> -2)
A: almost no armour, amphibious, 8 rings, camouflage 1, gelatinous body 1,
(nimble swimmer 1), tentacles
a: no special abilities


You were on level 3 of the Dungeon.
You visited 1 branch of the dungeon, and saw 3 of its levels.
You also visited: Sewer.

You collected 129 gold pieces.

Inventory:

Hand Weapons
 a - the +6 battleaxe of the Thirsty Seas (weapon) {vorpal, rC+ Str+4 Int+3 Stlth+}
   (You found it in a sewer)

   It inflicts extra damage upon your enemies.
   Str:       It affects your strength (+4).
   Int:       It affects your intelligence (+3).
   rC:        It protects you from cold.
   Stlth:     It makes you more stealthy.
 b - a +0 hunting sling
 e - a +2 dagger of venom
 k - a +0 hand axe
Missiles
 c - 2 poisoned darts
 d - 68 stones
 n - 19 arrows
 r - 27 sling bullets
Jewellery
 m - a ring of willpower (left tentacle)
Scrolls
 l - a scroll of fog
 o - a scroll of blinking
Potions
 f - a potion of heal wounds {unknown}
 g - 2 potions of curing
 h - 2 potions of resistance {unknown}
 i - a potion of lignification {unknown}
 j - a potion of ambrosia {unknown}
 p - a potion of flight {unknown}
 q - a potion of might {unknown}


   Skills:
 + Level 0.5 Fighting
 + Level 0.8 Axes
 + Level 3.4 Dodging
 + Level 4.9 Stealth
 + Level 3.2 Spellcasting
 + Level 2.9 Conjurations
 + Level 4.1 Fire Magic


You had 4 spell levels left.
You knew the following spells:

 Your Spells              Type           Power      Damage    Failure   Level
a - Foxfire               Conj/Fire      80%        2x1d8     2%          1
b - Scorch                Fire           44%        2d7       3%          2
c - Flame Wave            Conj/Fire      20%        2d7       26%         4

Your spell library contained the following spells:

 Spells                   Type           Power      Damage    Failure   Level
 Conjure Flame            Conj/Fire      20%        6-21      8%          3
 Inner Flame              Hex/Fire       13%        N/A       14%         3


Dungeon Overview and Level Annotations

Branches:
Dungeon (3/15)              Sewer (visited)

Altars:

Shops:
D:1 ?   D:3 (


Innate Abilities, Weirdness & Mutations

You cannot wear most types of armour.
You are amphibious.
You can wear up to eight rings at the same time.
Your skin changes colour to match your surroundings (Stealth+).
Your rubbery body absorbs attacks. (AC +1, EV +1)
((You are camouflaged when in or above water. (Stealth+)))
You have tentacles for arms and can constrict up to eight enemies at once.


Message History

You kill the gnoll!
The gnoll throws a throwing net.
The throwing net hits you.
You become entangled in the net!
You struggle against the net.
The gnoll barely misses you.
You struggle against the net.
The gnoll hits you with a +0 club.
An adder comes into view.
You rip the net and break free!
The gnoll hits you with a +0 club.
The adder hisses angrily.
You hit the gnoll. You grab the gnoll.
The gnoll is moderately wounded.
You constrict the gnoll. The gnoll closely misses you. x2
You hit the gnoll. You squeeze the gnoll.
You kill the gnoll!
The bat closely misses you. The gnoll closely misses you.
You closely miss the gnoll. You grab the gnoll. You squeeze the gnoll.
The gnoll is moderately wounded.
You constrict the gnoll. The gnoll hits you with a +0 club!
* * * LOW HITPOINT WARNING * * *
You hit the gnoll.
The gnoll is almost dead.
You constrict the gnoll.
You kill the gnoll!
The bat misses you. The bat barely misses you.
You slash the bat!
You kill the bat!
The adder barely misses you. The adder bites you.
* * * LOW HITPOINT WARNING * * *
You are poisoned.
The adder poisons you!
You barely miss the adder. You grab the adder. You squeeze the adder.
The adder is moderately wounded.
You constrict the adder.
You feel sick. The adder bites you.
* * * LOW HITPOINT WARNING * * *
The adder bites you.
* * * LOW HITPOINT WARNING * * *
Casting: Foxfire (safe; 2% risk of failure)
Confirm with . or Enter, or press ? or * to list all spells.
Flames lash the adder.
You kill the adder!
You die...

#....#....####
#.##.#.#...>..
#.##.#.#######
#.##...#
#.###### # #.#
##. #.# #####
#...#####.#
..... #.)@....#
..###
#...#####.$.....
##. #.###### ..
..# .. ### #.
.##### # ......
######


There were no monsters in sight!

Vanquished Creatures
  2 bullfrogs (Sewer)
  5 gnolls
  13 adders
  2 worms
  An orc (D:3)
  6 bats
  6 endoplasms
  15 giant cockroaches
  9 goblins
  3 hobgoblins (D:2)
  4 jackals (D:2)
  5 quokkas
  7 ball pythons
  8 frilled lizards
  4 kobolds
  5 rats
95 creatures vanquished.

Vanquished Creatures (others)
  2 demonic plants (D:2)
  108 foxfires
110 creatures vanquished.

Grand Total: 205 creatures vanquished

Notes
Turn   | Place    | Note
-------+----------+-------------------------------------------
     0 | D:1      | croobank the Octopode Fire Elementalist began the quest for
                  | the Orb.
     0 | D:1      | Reached XP level 1. HP: 11/11 MP: 3/3
   385 | D:1      | Reached XP level 2. HP: 17/17 MP: 5/5
   388 | D:1      | Learned a level 2 spell: Scorch
   467 | D:1      | Found Atebru's Magic Scroll Shop.
   584 | D:1      | Reached XP level 3. HP: 17/21 MP: 4/6
  1335 | D:2      | Reached XP level 4. HP: 27/27 MP: 5/7
  1757 | D:2      | Found a faded altar of an unknown god.
  1757 | D:2      | Noticed a chaos spawn
  2458 | D:2      | Reached XP level 5. HP: 31/31 MP: 5/9
  2465 | D:2      | Learned a level 4 spell: Flame Wave
  2687 | D:3      | Found a glowing drain.
  2860 | Sewer    | Entered a sewer
  3261 | Sewer    | Reached XP level 6. HP: 36/36 MP: 6/10
  3303 | Sewer    | Identified the +6 battleaxe of the Thirsty Seas {vorpal,
                  | rC+ Str+4 Int+3 Stlth+}
  3576 | D:3      | Found Ceucs's Antique Weapon Boutique.
  3723 | D:3      | HP: 1/37 [adder (2)]
  3724 | D:3      | Succumbed to an adder's poison

Illustrated notes

Levels and vault maps discovered:
D:1:      dpeg_arrival_water_temple_mockup, layout_basic, serial_shops, shop
D:2:      layout_loops_ring, dreamdust_ecumenical_altar_sealed_demon
D:3:      layout_loops_ring, gup_sewer_entry_glass, serial_shops,
          nicolae_shop_crystal

Skill      XL: |  1  2  3  4  5 |
---------------+----------------+-----
Stealth        | 3 4 |  4.9
Conjurations   | 2 |  2.9
Dodging        | 3 |  3.4
Spellcasting   | 3 |  3.2
Fire Magic     | 4 |  4.1
Fighting       | |  0.5
Axes           | |  0.8

Action                   |  1- 3 |  4- 6 || total
-------------------------+-------+-------++-------
Melee: Dagger            |    11 |    36 ||    47
       Constrict         |     3 |    14 ||    17
       Tentacles         |     3 |    10 ||    13
       Battleaxe         |       |    17 ||    17
 Cast: Foxfire           |    25 |    37 ||    62
       Scorch            |     8 |    24 ||    32
  Use: Scroll            |       |     4 ||     4
 Stab: Sleeping          |     1 |     6 ||     7
Armor: Skin              |     1 |     2 ||     3
Dodge: Dodged            |     8 |    39 ||    47
